 Dungeon Crawl Stone Soup version bcrawl-1.34.4 (webtiles) character file.

Game seed: 3462424632629730951

363554 KristoblXynda the Slicer (level 12, -17/84 HPs)
             Began as a Kobold Gladiator on Oct 25, 2021.
             Was an Elder of Dithmenos.
             Killed from afar by a deep elf mage (23 damage)
             ... with a bolt of lightning
             ... on level 11 of the Dungeon.
             The game lasted 00:18:39 (11664 turns).

KristoblXynda the Slicer (Kobold Gladiator)        Turns: 11664, Time: 00:18:40

Health: -17/84     AC: 10    Str: 16    XL:     12   Next: 29%
Magic:  15/15      EV: 22    Int: 10    God:    Dithmenos [****..]
Gold:   614        SH:  0    Dex: 17    Spells: 11/11 levels left

rFire    . . .     SeeInvis +   w - +2 dagger (venom)
rCold    . . .     Gourm    .   (shield restricted)
rNeg     . . .     Faith    .   q - +0 troll leather armour
rPois    .         Spirit   .   c - +1 helmet
rElec    .         Reflect  .   o - +2 cloak
rCorr    .         Harm     .   (no gloves)
MR       .....                  (no boots)
Stlth    ++++......             (no amulet)
HPRegen  0.64/turn              s - +2 ring of slaying
MPRegen  0.14/turn              u - ring of see invisible

@: slowed, wreathed by umbra, lightly drained, very slow
A: small, talons 1, carnivore, mutation resistance 1, sense surroundings 2
a: Shadow Step, Renounce Religion


You were on level 11 of the Dungeon.
You worshipped Dithmenos.
Dithmenos was greatly pleased with you.
You were not hungry.

You visited 2 branches of the dungeon, and saw 12 of its levels.
You also visited: Sewer.

You collected 614 gold pieces.

Inventory:

Hand Weapons
 a - a +0 rapier
 w - a +2 dagger of venom (weapon)
Missiles
 d - 2 throwing nets (quivered) {=f}
Armour
 c - a +1 helmet (worn)
 o - a +2 cloak (worn)
 q - a +0 troll leather armour (worn)
Jewellery
 h - an uncursed ring of positive energy
 s - a +2 ring of slaying (left hand)
 u - a ring of see invisible (right hand)
Wands
 B - a wand of digging (4)
Scrolls
 b - 2 scrolls of fear
 g - 4 scrolls of remove curse
 j - a scroll of immolation
 l - 2 scrolls of enchant weapon
 m - 3 scrolls of magic mapping
 n - 9 scrolls of teleportation
 v - 6 scrolls of fog
Potions
 f - a potion of heal wounds
 k - a potion of flight
 p - 3 potions of curing
 r - 3 potions of haste
 t - 2 potions of might
 x - 2 potions of brilliance
 y - a potion of degeneration {unknown}
 z - a potion of magic
 A - a potion of mutation
 C - 2 potions of berserk rage
Comestibles
 e - 27 rations {!d}


   Skills:
 + Level 8.7(8.3) Fighting
 + Level 11.9(11.5) Short Blades
 - Level 3.3(3.0) Throwing
 + Level 7.6(7.3) Armour
 + Level 10.9(10.5) Dodging
 + Level 11.8(11.4) Stealth
 - Level 5.0(4.7) Invocations


You had 11 spell levels left.
You didn't know any spells.
Your spell library contained the following spells:

 Spells                   Type           Power        Failure   Level  Hunger
 Apportation              Tloc           #.....       41%         1    None
 Corona                   Hex            #......      41%         1    None
 Infusion                 Chrm           #.......     41%         1    None
 Sandblast                Erth           #.....       41%         1    None
 Slow                     Hex            #.......     41%         1    None
 Summon Butterflies       Summ           #.......     41%         1    None
 Ensorcelled Hibernation  Hex/Ice        #.....       56%         2    ####...
 Confuse                  Hex            #.......     80%         3    #####..
 Dazzling Orbs            Conj/Hex       #......      80%         3    #####..
 Tukima's Dance           Hex            #.......     80%         3    #####..
 Cause Fear               Hex            #.........   99%         4    ######.


Dungeon Overview and Level Annotations

Branches:
Dungeon (11/12)            Temple (1/1) D:7            Lair (0/6) D:9
    Orc: D:8-11      Vaults: D:11-12

Altars:
Ashenzari
Cheibriados
Dithmenos
Elyvilon
Fedhas
Gozag
Hepliaklqana
Kikubaaqudgha
Lugonu
Makhleb
Nemelex Xobeh
Okawaru
Qazlal
Ru
Sif Muna
Trog
Uskayaw
Vehumet
Wu Jian
Xom
Yredelemnul
Zin
The Shining One

Shops:
D:4 (   D:9 *


Innate Abilities, Weirdness & Mutations

You are small and have problems with some larger weapons.
You have sharp toenails.
You are carnivorous and can eat meat at any time.
You are somewhat resistant to further mutation.
You passively map the area around you.


Message History

Splash!
You fall into the shallow water.
Moving in this stuff is going to be slow.
The orc priest calls upon Beogh to heal the orc wizard.
The orc wizard is healed somewhat.
The deep elf knight hits you with a +0 long sword!!
* * * LOW HITPOINT WARNING * * *
The water elemental barely misses you.
You hear a shout! x2; You hear an angry hiss.
You are too injured to fight recklessly!
No path to travel!
The orc wizard gestures at you while chanting.
You feel yourself slow down.
The centaur shoots an arrow.
The arrow closely misses you.
The arrow barely misses the deep elf mage.
The orc wizard gestures wildly while chanting.
The orc wizard blinks!
The deep elf mage casts a spell.
The deep elf mage casts a spell at you. The bolt of lightning hits you!!
You die...

,* ,* # ..# * ,, , *,, .
#..# .. # .##..#*. * *,
***#. #.#.E#.# .* *** ,
..##.#.e#.##.. , , ,
*,*..E..c.c.. , , , ,
..#####e#Ec#.#####, , ,
,.......โ‰ˆโ‰ˆ.e.......,
, * *
#.....e@ยง......... ,,
..#####.#..#.#### ,,,
#.o...).)..#,* ,
*.o##o#..#c##c.# , #.*
#.#..#โ‰ˆ# , , # ,
.##.)##.* , + , .. #..#
.. **, , *
######..######## * , , ,
...............######


You could see an orc knight, a deep elf knight, a yaktaur, 3 water elementals, 3
deep elf magi, 3 centaurs and an orc priest.

Vanquished Creatures
  A centaur warrior (D:9)
  A two-headed ogre (D:8)
  A cyclops (D:9)
  2 ugly things
  2 centaur skeletons
  An efreet (D:10)
  3 trolls (D:8)
  5 slime creatures (D:10)
  A hippogriff (D:9)
  Sigmund (D:4)
  7 yaks
  A wyvern (D:9)
  A hungry ghost (D:8)
  2 wargs
  4 orc warriors
  A hornet zombie (D:9)
  3 ice beasts
  3 soldier ants (D:9)
  2 phantoms
  10 ogres
  A black bear (D:10)
  2 sky beasts
  4 centaurs
  6 bullfrogs
  3 big kobolds
  A water moccasin zombie (D:5)
  2 scorpions
  A water moccasin skeleton (D:7)
  7 wights
  9 killer bees (D:10)
  A howler monkey (D:8)
  6 orc priests
  A bullfrog zombie (D:6)
  3 centaur zombies
  A crimson imp (D:5)
  2 jellies
  Crazy Yiuf (D:2)
  A bullfrog skeleton (D:8)
  7 hounds
  10 orc wizards
  2 iguanas
  5 worker ants
  A worker ant zombie (D:9)
  3 gnolls (D:3)
  A gnoll (shapeshifter) (D:7)
  12 adders
  An adder (shapeshifter) (D:7)
  A howler monkey skeleton (D:7)
  5 shadow imps
  An ooze (D:3)
  2 adder skeletons
  An adder zombie (D:5)
  5 worms
  3 dart slugs
  4 leopard geckos
  52 orcs
  4 bats
  A giant cockroach (D:2)
  4 goblins
  9 hobgoblins
  17 jackals
  5 quokkas
  7 ball pythons
  7 frilled lizards
  A jackal skeleton (D:7)
  18 kobolds
  9 rats
  A plant (Sewer)
303 creatures vanquished.

Vanquished Creatures (others)
  A plant (Sewer)
1 creature vanquished.

Grand Total: 304 creatures vanquished

Notes
Turn   | Place    | Note
-------+----------+-------------------------------------------
     0 | D:1      | KristoblXynda the Kobold Gladiator began the quest for the
                  | Orb.
     0 | D:1      | Reached XP level 1. HP: 16/16 MP: 1/1
   120 | D:1      | Reached XP level 2. HP: 14/21 MP: 2/2
   252 | D:1      | Reached XP level 3. HP: 18/26 MP: 3/3
  1296 | D:2      | Reached XP level 4. HP: 31/33 MP: 4/4
  1440 | D:2      | Found a runed door.
  1631 | D:2      | Found a faded altar of an unknown god.
  1834 | D:2      | Noticed Crazy Yiuf
  1843 | D:2      | Killed Crazy Yiuf
  1844 | D:2      | Reached skill level 1 in Stealth
  2078 | D:3      | Reached skill level 5 in Short Blades
  2082 | D:3      | Reached XP level 5. HP: 28/37 MP: 5/5
  2369 | D:3      | Found a hazy altar of Hepliaklqana.
  2437 | D:3      | Reached skill level 5 in Dodging
  2437 | D:3      | Reached XP level 6. HP: 8/44 MP: 6/6
  2647 | D:3      | Noticed a phantom
  2686 | D:3      | Killed a phantom
  2820 | D:3      | HP: 2/44 [orc priest/nerve-wracking pain (10)]
  3031 | D:3      | Reached XP level 7. HP: 41/49 MP: 7/7
  3220 | D:3      | Reached skill level 5 in Fighting
  3674 | D:4      | Found a burning altar of Makhleb.
  3674 | D:4      | Found a shadowy altar of Dithmenos.
  3682 | D:4      | Found a stormy altar of Qazlal.
  3688 | D:4      | Found a corrupted altar of Lugonu.
  3690 | D:4      | Found a bloodstained altar of Trog.
  3700 | D:4      | Became a worshipper of Dithmenos the Shadowed
  3740 | D:4      | Noticed Sigmund
  3762 | D:4      | Killed Sigmund
  3854 | D:4      | Reached skill level 5 in Stealth
  3862 | D:4      | Found a bloodstained altar of Trog.
  3863 | D:4      | Found Ace Riso's Weapon Shoppe.
  3989 | D:4      | Reached XP level 8. HP: 56/56 MP: 8/8
  4114 | D:4      | Reached skill level 1 in Armour
  4269 | D:5      | Entered Level 5 of the Dungeon
  4396 | D:5      | Found a glowing drain.
  4417 | Sewer    | Entered a sewer
  4718 | Sewer    | Reached * piety under Dithmenos
  5276 | D:5      | Reached skill level 1 in Invocations
  5412 | D:5      | Reached XP level 9. HP: 51/62 MP: 10/10
  6031 | D:6      | Found a hazy altar of Hepliaklqana.
  6954 | D:7      | Found a staircase to the Ecumenical Temple.
  7006 | D:7      | Reached ** piety under Dithmenos
  7099 | D:7      | Found a shimmering altar of Xom.
  7099 | D:7      | Found a shimmering altar of Xom.
  7099 | D:7      | Found a shimmering altar of Xom.
  7099 | D:7      | Found a shimmering altar of Xom.
  7733 | Temple   | Entered the Ecumenical Temple
  8172 | D:8      | Noticed a troll
  8205 | D:8      | Reached XP level 10. HP: 45/68 MP: 13/13
  8320 | D:8      | Noticed a two-headed ogre
  8341 | D:8      | Killed a two-headed ogre
  8342 | D:8      | Reached skill level 5 in Armour
  8342 | D:8      | Reached skill level 5 in Invocations
  9035 | D:8      | Reached *** piety under Dithmenos
  9144 | D:8      | Reached skill level 10 in Short Blades
  9176 | D:9      | Found Baduag's Assorted Antiques.
  9307 | D:9      | Noticed a cyclops
  9324 | D:9      | Killed a cyclops
  9325 | D:9      | Reached XP level 11. HP: 60/74 MP: 14/14
  9351 | D:9      | Reached skill level 10 in Stealth
  9412 | D:9      | Found a staircase to the Lair.
  9618 | D:9      | Noticed a centaur warrior
  9624 | D:9      | Killed a centaur warrior
  9653 | D:9      | Reached skill level 10 in Dodging
  9708 | D:9      | Found a glowing silver altar of Zin.
  9758 | D:9      | Reached **** piety under Dithmenos
 10311 | D:10     | Entered Level 10 of the Dungeon
 10644 | D:10     | Noticed a purple ugly thing
 10680 | D:10     | Killed a purple ugly thing
 10905 | D:10     | Reached XP level 12. HP: 45/83 MP: 15/15
 11386 | D:10     | Noticed a two-headed ogre
 11386 | D:10     | Noticed a catoblepas
 11655 | D:11     | Noticed a deep elf knight
 11664 | D:11     | Killed from afar by a deep elf mage

Skill      XL: |  1  2  3  4  5  6  7  8  9 10 11 |
---------------+----------------------------------+-----
Throwing       | 3 |  3.3
Dodging        | 4 5 6 7 8 9 10 | 10.9
Fighting       | 4 5 6 8 |  8.7
Stealth        | 1 2 3 5 6 8 9 11 | 11.8
Short Blades   | 5 6 7 9 10 11 | 11.9
Armour         | 2 4 5 7 |  7.6
Invocations    | 2 4 5 |  5.0

Action                   |  1- 3 |  4- 6 |  7- 9 | 10-12 || total
-------------------------+-------+-------+-------+-------++-------
Melee: Rapier            |    84 |    74 |   418 |   116 ||   692
       Kick              |    22 |    65 |   122 |   193 ||   402
       Dagger            |     7 |   113 |       |   424 ||   544
Throw: Throwing net      |       |     1 |       |     2 ||     3
  Use: Scroll            |     4 |     4 |     9 |     6 ||    23
       Potion            |       |     2 |       |     1 ||     3
 Stab: Sleeping          |       |     1 |    15 |    38 ||    54
       Held in net/web   |       |     1 |       |     2 ||     3
       Distracted        |       |       |       |     2 ||     2
  Eat: Chunk             |    11 |    10 |    24 |    11 ||    56
Armor: Leather armour    |    12 |    27 |    15 |       ||    54
       Robe              |       |       |    18 |     1 ||    19
       Troll leather arm |       |       |       |    50 ||    50
Dodge: Dodged            |    67 |    94 |   302 |   371 ||   834
